 Dungeon Crawl Stone Soup version 0.29-a0-352-g0917bc69df (webtiles) character file.

Game seed: 16800956896719191816

1477 zeratav the Archer (level 8, -2/60 HPs)
             Began as a Demigod Hunter on Apr 24, 2022.
             Killed from afar by Pikel (5 damage)
             ... with an iceblast
             ... while paralysed by Maggie
             ... on level 7 of the Dungeon.
             The game lasted 00:19:47 (7781 turns).

zeratav the Archer (Demigod Hunter)                 Turns: 7781, Time: 00:19:47

Health: -2/60      AC:  6    Str: 12    XL:     8   Next: 25%
Magic:  10/10      EV:  2    Int: 11    God:
Gold:   261        SH:  0    Dex: 25    Spells: 6/7 levels left

rFire   + . .      SeeInvis .   a - +1 shortbow {bow}
rCold   + . .      Faith    .   (shield currently unavailable)
rNeg    . . .      Spirit   .   H - +0 leather armour {rF+}
rPois   .          Reflect  .   k - +2 hat
rElec   .          Harm     .   r - +0 cloak
rCorr   .          Rampage  .   (no gloves)
Will    .....                   (no boots)
Stlth   ++........              (no amulet)
HPRegen 0.20/turn               l - ring of wizardry
MPRegen 0.12/turn               z - ring of protection from cold

@: paralysed
A: high MP 1, forlorn, divine attributes
a: no special abilities


You were on level 7 of the Dungeon.
You visited 1 branch of the dungeon, and saw 7 of its levels.

You collected 273 gold pieces.
You spent 12 gold pieces at shops.


Innate Abilities, Weirdness & Mutations

You have an increased reservoir of magic. (+10% MP)
You shall have no god before yourself.
Your divine heritage dramatically boosts your attributes as you level up.


   Skills:
 - Level 1.7 Fighting
 + Level 9.3 Bows
 - Level 1.7 Dodging
 - Level 0.8 Stealth
 - Level 4.4 Hexes


You had 6 spell levels left.
You knew the following spells:

 Your Spells              Type           Power      Damage    Failure   Level
a - Slow                  Hex            36%        N/A       3%          1

Your spell library contained the following spells:

 Spells                   Type           Power      Damage    Failure   Level
 Confusing Touch          Hex            9%         N/A       9%          3
 Sublimation of Blood     Necr           0%         N/A       26%         2
 Wereblood                Tmut           0%         N/A       26%         2
 Cause Fear               Hex            4%         N/A       28%         4
 Gell's Gravitas          Tloc           0%         N/A       45%         3
 Teleport Other           Tloc           0%         N/A       45%         3
 Vampiric Draining        Necr           0%         2d6       45%         3
 Yara's Violent Unravell  Hex/Tmut       2%         3d3       87%         5
 Dispersal                Tloc           0%         N/A       100%        6
 Dragon Form              Tmut           0%         N/A       100%        7
 Enfeeble                 Hex            4%         N/A       100%        7
 Summon Hydra             Summ           0%         N/A       100%        7
 Dragon's Call            Summ           0%         N/A       100%        9

Inventory:

Hand Weapons
 a - a +1 shortbow (weapon) {bow}
 j - a +1 quarterstaff of holy wrath {staff}
   (You found it on level 5 of the Dungeon)
 E - the +7 short sword of Risk Management {speed, rPois, short}
   (You found it on level 6 of the Dungeon)

   Attacks with this weapon are significantly faster.
   rPois:     It protects you from poison.
 J - a +3 antimagic spear {polearm}
   (You took it off a gnoll on level 6 of the Dungeon)
 M - a +1 whip of electrocution {mace}
   (You took it off a gnoll on level 6 of the Dungeon)
Armour
 k - a +2 hat (worn)
   (You found it on level 1 of the Dungeon)
 r - a +0 cloak (worn)
   (You found it on level 2 of the Dungeon)
 B - a +1 robe of positive energy
   (You found it on level 4 of the Dungeon)
 C - a +0 leather armour
   (You found it on level 6 of the Dungeon)
 G - a +0 leather armour
   (You found it on level 6 of the Dungeon)
 H - a +0 leather armour of fire resistance (worn)
   (You took it off an orc on level 5 of the Dungeon)
 K - a +3 chain mail
   (You took it off an orc on level 4 of the Dungeon)
 L - a +0 robe
   (You took it off a gnoll shaman on level 6 of the Dungeon)
 N - a +0 leather armour
   (You took it off Duvessa on level 7 of the Dungeon)
Jewellery
 l - a ring of wizardry (left hand)
   (You found it on level 5 of the Dungeon)
 z - a ring of protection from cold (right hand)
   (You found it on level 6 of the Dungeon)
Wands
 A - a wand of paralysis (9)
   (You found it on level 3 of the Dungeon)
Scrolls
 b - a scroll of acquirement {unknown}
 c - 3 scrolls of immolation {!r!r}
 e - 2 scrolls of fear {unknown}
 f - a scroll of holy word {unknown}
 g - 8 scrolls of identify {unknown}
 h - 2 scrolls of silence {unknown}
 i - 4 scrolls of teleportation {unknown}
 m - 3 scrolls of magic mapping {unknown}
 s - 2 scrolls of enchant armour {unknown}
 w - 2 scrolls of fog {unknown}
 y - a scroll of blinking {unknown}
 D - a scroll of vulnerability {unknown}
 F - a scroll of noise {unknown}
Potions
 d - 2 potions of mutation {unknown}
 n - a potion of magic {unknown}
 o - a potion of attraction {unknown}
 p - 2 potions of flight {unknown}
 q - 3 potions of ambrosia {unknown}
 t - 2 potions of haste {unknown}
 u - 2 potions of might {unknown}
 v - a potion of curing {unknown}
 x - a potion of cancellation {unknown}
 I - 2 potions of heal wounds {unknown}

Dungeon Overview and Level Annotations

Branches:
Dungeon (7/15)             Temple (0/1) D:5

Shops:
D:4 !

Annotations:
D:7 Maggie, Pikel

####.# #
#.....#....# .....#
###.####...#......#
......
..................#
......
.................>#
######
########....(.....#
######
###.K.##..#######)#
......
..'......@........#
######
###.....#..######.#
+.....'@.........
#.....##..#####.
#...#####'# #...
.... #... ......
#... ......... #..
..........
#.........(
#...........


You could see Maggie (slow) and Pikel.


Message History

There is a stone staircase leading down, spattered with blood here.
There is a stone staircase leading down, spattered with blood here.
You climb downwards.
Level annotation: Maggie, Pikel Maggie zaps a wand.
You suddenly lose the ability to move!
Maggie casts a spell.
Maggie attempts to bespell you! You resist.
Maggie zaps a wand.
You easily resist.
You can move again.
There is a stone staircase leading up here.
Casting: Slow (safe; 3% risk of failure)
Confirm with . or Enter, or press ? or * to list all spells.
Aiming: Slow (safe; 3% risk of failure)
Press: ? - help, Shift-Dir - straight line, f - Maggie
Aim: Maggie, wielding a +1 halberd of distortion, wearing +0 acid dragon scales and carrying a wand of paralysis (7) (chance to affect: 47%) Maggie seems to slow down.
MP[-1]
You lost 1 mp, and now have 9/10 mp.
Shoot: a) +1 shortbow {bow}
Press: ? - help, Q - select action, (/) - cycle Shift-Dir - straight line, f/p - Maggie
Aim: Maggie, wielding a +1 halberd of distortion, wearing +0 acid dragon scales and carrying a wand of paralysis (7) (slow, 69% to hit)
You shoot an arrow. The arrow hits Maggie.
Shoot: a) +1 shortbow {bow}
Press: ? - help, Q - select action, (/) - cycle Shift-Dir - straight line, f/p - Maggie
Aim: Maggie, wielding a +1 halberd of distortion, wearing +0 acid dragon scales and carrying a wand of paralysis (7) (lightly wounded, slow, 69% to hit)
You shoot an arrow. The arrow completely misses Maggie.
Maggie zaps a wand.
You easily resist.
Shoot: a) +1 shortbow {bow}
Press: ? - help, Q - select action, (/) - cycle Shift-Dir - straight line, f/p - Maggie
Aim: Maggie, wielding a +1 halberd of distortion, wearing +0 acid dragon scales and carrying a wand of paralysis (6) (lightly wounded, slow, 69% to hit)
You shoot an arrow.
The arrow hits Maggie but does no damage.
Maggie hits you from afar with a +1 halberd of distortion!
You blink.
HP[-12]
You take 12 damage, and now have 48/60 hp.
Maggie gives herself a magical halo, but it quickly sputters out.
Maggie gestures at you while chanting. The bolt of fire misses you.
Maggie casts a spell.
Maggie attempts to bespell you! You resist with almost no effort.
Shoot: a) +1 shortbow {bow}
Press: ? - help, Q - select action, (/) - cycle Shift-Dir - straight line, f/p - Maggie
Aim: Maggie, wielding a +1 halberd of distortion, wearing +0 acid dragon scales and carrying a wand of paralysis (6) (lightly wounded, slow, 69% to hit)
You shoot an arrow. The arrow completely misses Maggie.
MP[+1]
Your mp is fully restored (10).
Shoot: a) +1 shortbow {bow}
Press: ? - help, Q - select action, (/) - cycle Shift-Dir - straight line, f/p - Maggie
Aim: Maggie, wielding a +1 halberd of distortion, wearing +0 acid dragon scales and carrying a wand of paralysis (6) (lightly wounded, slow, 69% to hit)
You shoot an arrow. The arrow hits Maggie!
HP[+1] Maggie points at you and mumbles some strange words.
The bolt of fire hits you! You resist.
HP[-9]
You take 9 damage, and now have 40/60 hp.
Shoot: a) +1 shortbow {bow}
Press: ? - help, Q - select action, (/) - cycle Shift-Dir - straight line, f/p - Maggie
Aim: Maggie, wielding a +1 halberd of distortion, wearing +0 acid dragon scales and carrying a wand of paralysis (6) (lightly wounded, slow, 69% to hit)
You shoot an arrow. The arrow completely misses Maggie.
Maggie is no longer moving slowly.
Shoot: a) +1 shortbow {bow}
Press: ? - help, Q - select action, (/) - cycle Shift-Dir - straight line, f/p - Maggie
Aim: Maggie, wielding a +1 halberd of distortion, wearing +0 acid dragon scales and carrying a wand of paralysis (6) (lightly wounded, 69% to hit)
You shoot an arrow. The arrow hits Maggie.
HP[+1]
Casting: Slow (safe; 3% risk of failure)
Confirm with . or Enter, or press ? or * to list all spells.
Aiming: Slow (safe; 3% risk of failure)
Press: ? - help, Shift-Dir - straight line, f/p - Maggie
Aim: Maggie, wielding a +1 halberd of distortion, wearing +0 acid dragon scales and carrying a wand of paralysis (6) (moderately wounded, chance to affect: 47%) Maggie seems to slow down.
Maggie zaps a wand.
You suddenly lose the ability to move!
Maggie hits you from afar with a +1 halberd of distortion!
Space warps horribly around you!!
* * * LOW HITPOINT WARNING * * *
Pikel opens the door.
You can move again.
HP[-29] MP[-1]
You take 29 damage, and now have 12/60 hp.
MASSIVE DAMAGE!! (PAUSE)
You lost 1 mp, and now have 9/10 mp.
Maggie closely misses you.
HP[+1]
There is an open door here.
Maggie zaps a wand.
You suddenly lose the ability to move!
Pikel shouts!
Pikel zaps a wand.
The mass of ice explodes!
The iceblast engulfs you! You partially resist.
* * * LOW HITPOINT WARNING * * *
You hear a shout! x2; You hear an angry hiss.
You hear a shout!
Pikel zaps a wand.
The mass of ice explodes!
The iceblast engulfs you. You partially resist.
You die...

Skill      XL: |  1  2  3  4  5  6  7  8 |
---------------+-------------------------+-----
Bows           | 4 5 6 7 8 9 |  9.3
Hexes          | 2 4 |  4.4
Fighting       | |  1.7
Dodging        | |  1.7
Stealth        | |  0.8

Action                   |  1- 3 |  4- 6 |  7- 9 || total
-------------------------+-------+-------+-------++-------
Melee: Shortbow          |       |     4 |     1 ||     5
 Fire: Shortbow          |    91 |   126 |   221 ||   438
 Cast: Slow              |       |       |     6 ||     6
Evoke: Wand              |       |       |     1 ||     1
Armor: Leather armour    |    15 |     9 |    25 ||    49
Dodge: Dodged            |    30 |    23 |    79 ||   132

Levels and vault maps discovered:
D:1:      minmay_arrival_loop, layout_loops_corners
D:2:      layout_rooms, ebering_ecumenical_altar_hall
D:3:      layout_basic, serial_forest, infiniplex_forest_straight_2,
          infiniplex_forest_end_double, infiniplex_forest_end_2,
          infiniplex_forest_straight_2, infiniplex_forest_pool,
          infiniplex_forest_clump_double, infiniplex_forest_lined_room_2,
          infiniplex_forest_corner_2, lemuel_another_geyser, uniq_grinder,
          uniq_jessica
D:4:      layout_gridville, serial_shops, nicolae_shop_stone, uniq_natasha
D:5:      layout_basic, minmay_temple_entry_junction_2, minivault_24,
          chequers_serial_rivers_room_b
D:6:      black_bear_nest_1, layout_basic, mainiacjoe_overflow_six_doors_small,
          minmay_misc_feat_tiny
D:7:      layout_basic, serial_glass, glass_columns_b, glass_columns_b,
          uniq_pikel, uniq_maggie, uniq_duvessa

Notes
Turn   | Place    | Note
-------+----------+-------------------------------------------
     0 | D:1      | zeratav the Demigod Hunter began the quest for the Orb.
     0 | D:1      | Reached XP level 1. HP: 17/17 MP: 3/3
     0 | D:1      | magus.rc [v1.9.6]
   370 | D:1      | Reached skill level 4 in Bows
   650 | D:1      | Reached XP level 2. HP: 24/24 MP: 4/4
  1255 | D:2      | Reached XP level 3. HP: 29/29 MP: 5/5
  1263 | D:2      | You pick up a book of the Dragon and begin reading...
  1263 | D:2      | You add the spells Cause Fear, Dragon Form and Dragon's
                  | Call to your library.
  1313 | D:2      | Reached skill level 5 in Bows
  1318 | D:2      | You pick up a book of Blood and begin reading...
  1318 | D:2      | You add the spells Sublimation of Blood, Wereblood and
                  | Summon Hydra to your library.
  1724 | D:3      | Noticed Grinder
  1737 | D:3      | Reached XP level 4. HP: 27/36 MP: 6/6
  1830 | D:3      | HP: 8/36 [Grinder (4)]
  1831 | D:3      | HP: 1/36 [Grinder (6)]
  2138 | D:3      | Paralysed by Grinder for 4 turns
  2144 | D:3      | Killed Grinder
  2145 | D:3      | Reached skill level 6 in Bows
  2145 | D:3      | Reached XP level 5. HP: 29/41 MP: 7/7
  2237 | D:3      | You pick up a book of Debilitation and begin reading...
  2237 | D:3      | You add the spells Slow, Vampiric Draining and Confusing
                  | Touch to your library.
  2271 | D:3      | Reached skill level 7 in Bows
  2271 | D:3      | Reached XP level 6. HP: 45/48 MP: 8/8
  2615 | D:3      | HP: 9/48 [ogre/+0 giant spiked club (23)]
  2873 | D:3      | HP: 7/48 [ogre/+0 giant spiked club (20)]
  3976 | D:3      | Noticed Jessica
  3981 | D:3      | Killed Jessica
  4312 | D:4      | Reached skill level 1 in Hexes
  4352 | D:4      | Noticed Natasha
  4358 | D:4      | Killed Natasha
  4440 | D:4      | You pick up a book of Misfortune and begin reading...
  4440 | D:4      | You add the spells Yara's Violent Unravelling and Enfeeble
                  | to your library.
  4502 | D:4      | Noticed Natasha
  4508 | D:4      | Killed Natasha
  4565 | D:4      | Reached skill level 2 in Hexes
  4565 | D:4      | Reached XP level 7. HP: 53/53 MP: 9/9
  4670 | D:4      | Noticed Natasha
  4682 | D:4      | Killed Natasha
  4683 | D:4      | Reached skill level 8 in Bows
  4683 | D:4      | Reached skill level 3 in Hexes
  5024 | D:4      | Found Zimol's Distillery.
  5032 | D:4      | Bought a potion of degeneration for 12 gold pieces
  5283 | D:5      | Entered Level 5 of the Dungeon
  5351 | D:5      | Found a staircase to the Ecumenical Temple.
  5442 | D:5      | You add the spells Gell's Gravitas, Teleport Other and
                  | Dispersal to your library.
  5545 | D:4      | HP: 9/53 [orc warrior/+0 flail (9)]
  5880 | D:5      | Reached skill level 4 in Hexes
  6332 | D:6      | Identified the +7 short sword of Risk Management {speed,
                  | rPois}
  6486 | D:6      | Reached XP level 8. HP: 52/60 MP: 10/10
  6532 | D:6      | Learned a level 1 spell: Slow
  6654 | D:6      | Reached skill level 9 in Bows
  6903 | D:7      | Noticed Pikel
  6938 | D:6      | HP: 14/60 [lemure[Pikel] (3)]
  7221 | D:7      | Noticed Duvessa
  7246 | D:7      | Killed Duvessa
  7472 | D:7      | Noticed Maggie
  7755 | D:7      | Paralysed by Maggie for 4 turns
  7773 | D:7      | Paralysed by Maggie for 3 turns
  7774 | D:7      | HP: 12/60 [Maggie/+1 halberd of distortion (19)]
  7779 | D:7      | Paralysed by Maggie for 7 turns
  7780 | D:7      | HP: 3/60 [Pikel/iceblast (10)]
  7781 | D:7      | Killed from afar by Pikel

Vanquished Creatures
  Grinder (D:3)
  Duvessa (D:7)
  An orc warrior (D:4)
  2 black bears
  A lemure (D:6)
  2 phantoms
  A necrophage (D:6)
  A bullfrog (D:6)
  A scorpion (D:5)
  A gnoll shaman (D:6)
  A jelly (D:5)
  Jessica (D:3)
  Natasha (thrice) (D:4)
  An iguana (D:5)
  3 orc wizards (D:4)
  13 adders
  9 gnolls
  4 worms
  2 dart slugs
  18 orcs
  4 ball pythons
  6 endoplasms
  2 giant cockroaches (D:1)
  10 goblins
  6 hobgoblins
  4 jackals (D:5)
  7 quokkas
  4 bats
  A frilled lizard (D:2)
  2 kobolds (D:1)
  4 rats
117 creatures vanquished.

Vanquished Creatures (others)
  A frilled lizard (D:3)
  10 plants (D:3)
11 creatures vanquished.

Grand Total: 128 creatures vanquished

Table legend:
 A = Non-vault XP
 B = Vault XP
 C = Vault XP percentage of total XP
 D = Non-vault monster count
 E = Vault monster count
 F = Vault count percentage of total count
                 A         B        C        D         E       F
            +---------+---------+-------+---------+---------+-------
      Total |    1485 |     626 |  29.7 |     111 |       5 |   4.3
            +---------+---------+-------+---------+---------+-------
        D:1 |      36 |       0 |   0.0 |      14 |       0 |   0.0
        D:2 |      78 |       0 |   0.0 |      20 |       0 |   0.0
        D:3 |     187 |     327 |  63.6 |      19 |       2 |   9.5
        D:4 |     623 |      36 |   5.5 |      32 |       1 |   3.0
        D:5 |     247 |       0 |   0.0 |      16 |       0 |   0.0
        D:6 |     314 |     121 |  27.8 |      10 |       1 |   9.1
        D:7 |       0 |     142 | 100.0 |       0 |       1 | 100.0
            +---------+---------+-------+---------+---------+-------

Illustrated notes

Table legend:
 A = Kills in this place as a percentage of kills in entire the game.
 B = Kills by you in this place as a percentage of kills by you in the entire game.
 C = Kills by friends in this place as a percentage of kills by friends in the entire game.
 D = Other kills in this place as a percentage of other kills in the entire game.
 E = Experience gained in this place as a percentage of experience gained in the entire game.
 F = Experience gained in this place divided by the number of levels of this place that you have seen.
                   A       B       C       D       E      F
               +-------+-------+-------+-------+-------+----------------------
         Total | 100.0 | 100.0 |   N/A |   N/A | 100.0 | 301.6
       Dungeon | 100.0 | 100.0 |   N/A |   N/A | 100.0 | 301.6
               +-------+-------+-------+-------+-------+----------------------

Table legend: (Time is in decaauts)
 A = Elapsed time spent in this place.
 B = Non-inter-level travel time spent in this place.
 C = Inter-level travel time spent in this place.
 D = Time resting spent in this place.
 E = Time spent auto-exploring this place.
 F = Levels seen in this place.
 G = Mean time per level.
                   A        B        C        D        E       F      G
               +--------+--------+--------+--------+--------+-----+--------+
         Total |   7891 |   7086 |    805 |   2380 |   2988 |   7 | 1127.3 |
       Dungeon |   7891 |   7086 |    805 |   2380 |   2988 |   7 | 1127.3 |
               +--------+--------+--------+--------+--------+-----+--------+

Top non-repeatable levels by time:
     D:2: 1692 daAuts
     D:4: 1563 daAuts
     D:3: 1321 daAuts
     D:1: 1177 daAuts
     D:6: 1138 daAuts
     D:5: 620 daAuts
     D:7: 376 daAuts
